AoeStats
← gob b

Black Forest

505275520Analyzed
4v4 RM · 22d ago on Sep 8, 2026· 53m 25s· 8 players
Game mode
Random Map
Map size
Large (8 player)
Population
200
Speed
Normal
Resources
Standard
Victory
Conquest
Starting age
Dark Age
Ending age
Imperial Age
RankedLock teamsTeams togetherTeam positionsShared explorationLock speedFull tech treeHidden civsTurbo modeCheats
Victory
Defeat
🇳🇱 Hindustanis · Netherlands
1266
+11
🇦🇹 Teutons · Austria
1229
+13
🇺🇸 Byzantines · United States
1139
+17
🇦🇹 Celts · Austria
1104
+19
🇺🇸 Burgundians · United States
1180
-16
🇧🇩 Chinese · Bangladesh
1155
-15
🇪🇸 Mongols · Spain
1151
-15
🇮🇳 Bohemians · India
1143
-14
ElPelucaSapbe
7:54 Loom
12:10 Feudal Age
13:30 Double-Bit Axe
14:13 Fishing Lines
16:55 Castle Age
19:58 Wheelbarrow
21:13 Hand Cart
21:49 Bow Saw
23:19 Gillnets
25:48 Town Watch
28:32 Padded Archer Armor
28:38 Scale Barding Armor
29:55 Leather Archer Armor
29:30 Fletching
31:20 Chain Barding Armor
33:57 Imperial Age
32:21 Nomads
34:17 Ballistics
34:08 Masonry
35:35 Bloodlines
35:26 Husbandry
34:48 Light Cavalry
35:57 Parthian Tactics
35:38 Thumb Ring
36:52 Bodkin Arrow
38:22 Chemistry
41:15 Bracer
41:16 Hussar
42:27 Forging
matt.rielly.lewis
0:30 Loom
9:21 Double-Bit Axe
16:01 Feudal Age
14:24 Horse Collar
14:44 Fishing Lines
16:13 Fishing Lines
20:58 Castle Age
19:32 Bow Saw
19:55 Stone Mining
22:13 Wheelbarrow
23:03 Gillnets
24:20 Gold Mining
25:41 Gillnets
26:50 Heavy Plow
28:27 Hand Cart
30:58 Imperial Age
30:41 Gold Shaft Mining
31:48 Two-Man Saw
31:49 Crop Rotation
31:59 Stone Shaft Mining
31:37 Padded Archer Armor
33:02 Chemistry
33:59 Ballistics
35:32 Caravan
36:08 Leather Archer Armor
36:38 Fortified Wall
36:25 Murder Holes
36:55 Burgundian Vineyards
37:27 Hoardings
gob b
3:32 Loom
13:52 Feudal Age
15:19 Double-Bit Axe
17:35 Castle Age
17:05 Horse Collar
19:24 Wheelbarrow
24:44 Bow Saw
31:14 Imperial Age
28:47 Heavy Plow
30:19 Chemistry
29:39 Ballistics
31:45 Forging
31:35 Scale Mail Armor
31:27 Fletching
33:01 Iron Casting
32:09 Pikeman
32:53 Squires
32:41 Arson
33:29 Chain Mail Armor
34:19 Hand Cart
33:51 Halberdier
34:46 Bodkin Arrow
36:07 Conscription
35:45 Houfnice
39:11 Blast Furnace
38:41 Plate Mail Armor
38:13 Bracer
38:39 Siege Engineers
45:09 Two-Man Saw
ImranAOE
0:28 Loom
12:26 Feudal Age
16:08 Castle Age
14:21 Double-Bit Axe
15:21 Horse Collar
17:18 Heavy Plow
17:30 Bow Saw
17:39 Fletching
24:22 Ballistics
27:35 Masonry
31:28 Imperial Age
29:59 Bodkin Arrow
30:04 Padded Archer Armor
30:15 Thumb Ring
30:12 Murder Holes
30:43 Great Wall
31:03 Gold Mining
31:35 Leather Archer Armor
31:36 Fortified Wall
32:18 Wheelbarrow
32:33 Conscription
33:19 Chemistry
32:50 Architecture
32:50 Bracer
33:21 Ring Archer Armor
33:31 Guard Tower
33:17 Pikeman
33:57 Squires
33:43 Arson
34:05 Scale Mail Armor
33:39 Elite Chu Ko Nu
49:32 Heavy Rocket Cart
49:44 Pikeman
50:24 Squires
52:03 Rocketry
Stawes_Dela
0:50 Loom
11:26 Feudal Age
16:08 Castle Age
14:30 Double-Bit Axe
14:27 Horse Collar
17:16 Bow Saw
19:55 Heavy Plow
23:58 Wheelbarrow
25:46 Hand Cart
28:14 Gold Mining
28:15 Stone Mining
31:23 Imperial Age
29:04 Scale Barding Armor
29:10 Forging
29:32 Fletching
30:06 Ballistics
30:28 Gold Shaft Mining
30:28 Stone Shaft Mining
30:04 Grand Trunk Road
30:23 Husbandry
30:36 Bloodlines
30:45 Elite Skirmisher
31:32 Thumb Ring
31:49 Chain Barding Armor
31:37 Heavy Camel Rider
32:55 Iron Casting
32:18 Bodkin Arrow
33:05 Siege Engineers
33:34 Conscription
34:30 Two-Man Saw
33:45 Imperial Camel Rider
35:46 Plate Barding Armor
36:14 Blast Furnace
35:51 Bracer
36:30 Padded Archer Armor
37:32 Chemistry
39:13 Leather Archer Armor
39:13 Masonry
39:42 Hoardings
41:14 Ring Archer Armor
40:45 Scale Mail Armor
45:12 Fortified Wall
46:29 Murder Holes
46:25 Guard Tower
51:47 Chain Mail Armor
tmams33
6:38 Loom
14:22 Feudal Age
15:39 Double-Bit Axe
18:25 Castle Age
17:21 Fishing Lines
19:45 Wheelbarrow
21:17 Bow Saw
21:54 Gillnets
23:56 Treadmill Crane
24:55 Horse Collar
27:22 Heavy Plow
30:10 Imperial Age
29:25 Forging
29:21 Scale Barding Armor
29:47 Gold Mining
29:48 Stone Mining
30:23 Ballistics
31:01 Iron Casting
32:05 Chemistry
31:17 Logistica
31:28 Conscription
31:31 Chain Barding Armor
32:21 Fletching
32:59 Hand Cart
33:47 Two-Man Saw
33:19 Crop Rotation
33:27 Gold Shaft Mining
32:39 Elite Cataphract
34:05 Plate Barding Armor
37:59 Fletching
38:09 Padded Archer Armor
40:01 Bodkin Arrow
40:22 Leather Archer Armor
40:29 Bombard Tower
40:21 Fortified Wall
40:07 Murder Holes
40:25 Fortified Wall
40:18 Elite Skirmisher
41:04 Thumb Ring
41:03 Bracer
47:40 Ring Archer Armor
47:18 Husbandry
Webmaster
2:57 Loom
11:28 Feudal Age
15:02 Castle Age
13:07 Double-Bit Axe
14:48 Horse Collar
16:18 Bow Saw
21:47 Wheelbarrow
22:33 Heavy Plow
23:46 Hand Cart
23:49 Gold Mining
24:48 Stone Mining
28:35 Imperial Age
26:21 Scale Barding Armor
27:40 Stone Shaft Mining
28:04 Bloodlines
28:18 Forging
29:14 Chain Barding Armor
30:15 Iron Casting
30:24 Crop Rotation
31:03 Two-Man Saw
29:41 Cavalier
31:31 Plate Barding Armor
32:27 Blast Furnace
33:06 Chemistry
32:41 Conscription
32:51 Paladin
34:44 Fletching
38:09 Ballistics
39:17 Bombard Tower
40:31 Bodkin Arrow
48:43 Scale Mail Armor
49:58 Guilds
49:29 Pikeman
GabberGandalf
0:56 Loom
12:30 Feudal Age
17:14 Castle Age
15:24 Double-Bit Axe
16:55 Wheelbarrow
19:35 Bow Saw
19:16 Horse Collar
24:22 Fishing Lines
25:07 Heavy Plow
25:47 Gold Mining
26:20 Scale Mail Armor
26:25 Gillnets
26:42 Stone Mining
27:21 Hand Cart
28:56 Gold Shaft Mining
33:33 Imperial Age
30:50 Town Watch
32:50 Pikeman
34:29 Stone Shaft Mining
33:47 Stronghold
34:40 Conscription
33:49 Heavy Scorpion
35:42 Siege Engineers
35:57 Ballistics
38:49 Chemistry
38:37 Furor Celtica
39:46 Chain Mail Armor
39:42 Forging
41:38 Hoardings
42:43 Elite Woad Raider
44:31 Gambesons
45:23 Plate Mail Armor
45:29 Iron Casting
46:16 Onager
49:18 Caravan
49:03 Onager
49:50 Elite Skirmisher
52:30 Blast Furnace
51:21 Fletching
51:32 Padded Archer Armor
53:03 Halberdier
Connection lost

Rejoining the realm…

Still unreachable

The connection could not be restored.

Session expired

The server has moved on; the page needs a fresh start.